 Dungeon Crawl Stone Soup version 0.24.1-14-gf8d2b509d9 (webtiles) character file.

Game seed: 1094394073998850936, levelgen mode: deterministic

616 Hugehornet the Changer (level 7, 0/43 HPs)
             Began as an Octopode Transmuter on May 17, 2020.
             Slain by Duvessa
             ... wielding a +0 short sword
              (3 damage)
             ... on level 5 of the Dungeon.
             The game lasted 00:08:33 (6015 turns).

Hugehornet the Changer (Octopode Transmuter)        Turns: 6015, Time: 00:08:33

Health: 0/43       AC:  2    Str: 12    XL:     7   Next: 45%
Magic:  10/12      EV: 25    Int: 17    God:
Gold:   287        SH:  0    Dex: 22    Spells: 3/13 levels left

rFire    . . .     SeeInvis .     - Unarmed
rCold    . . .     Gourm    .   (shield currently unavailable)
rNeg     . . .     Faith    .   (helmet currently unavailable)
rPois    x         Spirit   .   (no amulet)
rElec    .         Reflect  .   m - +2 ring of strength
rCorr    .         Harm     .   (no ring)
MR       .....                  (no ring)
Stlth    +++.......             (no ring)
HPRegen  0.14/turn              (no ring)
MPRegen  0.13/turn              (no ring)
                                (no ring)
                                (no ring)

@: agile, lethally poisoned (0 -> -39), spider-form
A: tiny, almost no armour, stealthy swim, (amphibious), 8 rings, (constrict 8)
a: End Transformation


You were on level 5 of the Dungeon.
You were not hungry.
You were a venomous arachnid creature.
You visited 1 branch of the dungeon, and saw 5 of its levels.

You collected 287 gold pieces.

Inventory:

Missiles
 a - 98 arrows
Armour
 b - a +2 hat of intelligence (melded)
 n - a +0 buckler
Jewellery
 m - a +2 ring of strength (left front leg)
Wands
 t - a wand of polymorph (11)
 u - a wand of paralysis (13)
Scrolls
 f - a scroll of identify {unknown}
 g - 3 scrolls of remove curse
 h - 2 scrolls of enchant armour
 j - 2 scrolls of teleportation
 l - 4 scrolls of magic mapping {unknown}
 o - a scroll of blinking {unknown}
 v - a scroll of enchant weapon {unknown}
Potions
 d - a potion of flight {unknown}
 e - a potion of might {unknown}
 i - a potion of agility
 k - 2 potions of curing {unknown}
 p - 2 potions of magic {unknown}
 q - a potion of mutation {unknown}
 r - a potion of resistance {unknown}
Comestibles
 c - 6 rations
 s - 2 chunks of flesh


   Skills:
 - Level 1.0 Fighting
 - Level 2.0 Dodging
 + Level 3.8 Unarmed Combat
 + Level 3.8 Spellcasting
 * Level 5.6 Transmutations
 * Level 3.3 Ice Magic


You had 3 spell levels left.
You knew the following spells:

 Your Spells              Type           Power        Failure   Level  Hunger
a - Beastly Appendage     Tmut           ###...       7%          1    None
b - Sticks to Snakes      Tmut           ###.....     10%         2    ##.....
c - Spider Form           Tmut/Pois      ##........   34%         3    ###....
d - Ice Form              Ice/Tmut       ###.....     47%         4    ####...

Your spell library contained the following spells:

 Spells                   Type           Power        Failure   Level  Hunger
 Blade Hands              Tmut           ###.......   63%         5    ######.


Dungeon Overview and Level Annotations

Branches:
Dungeon (5/15)
 Temple: D:4-7

Altars:
Ashenzari
Fedhas
Okawaru
Zin

Annotations:
D:5 Dowan, Duvessa


Innate Abilities, Weirdness & Mutations

You cannot wear most types of armour.
You are very stealthy in the water. (Stealth+)
((You are amphibious.))
You can wear up to eight rings at the same time.
((You can use your tentacles to constrict eight enemies at once.))
((Your skin changes colour to match your surroundings (Stealth+).))
((Your rubbery body absorbs attacks. (AC +1, EV +1)))


Message History

You are more poisoned.
You barely miss Duvessa.
Duvessa is heavily wounded.
You feel sick. Duvessa misses you. Duvessa hits you with a +0 short sword!
You hear some strange, mumbled words.
Something tries to affect you, but you resist.
You hit Duvessa but do no damage.
Duvessa looks as sick as possible!
Duvessa is heavily wounded.
* * * LOW HITPOINT WARNING * * *
You feel sick. Duvessa hits you with a +0 short sword.
* * * LOW HITPOINT WARNING * * *
Something hits you.
* * * LOW HITPOINT WARNING * * *
You are more poisoned.
It was a potion of agility.
You feel agile all of a sudden.
* * * LOW HITPOINT WARNING * * *
You feel very sick. Duvessa hits you with a +0 short sword.
You die...

#.........
#...
#..........
#...
#..........
#...
##.........
#...
##.........
#...
#..........
#...
#.........
#...
#.....##..
#..)
#!.s..# ..
#...
#..{e.....#
###
##........#
#..
#.........
#..
..........
#..
#..........
#..
###########
###


You could see Duvessa.

Vanquished Creatures
  2 ice beasts
  An ogre (D:4)
  3 hounds (D:4)
  An iguana (D:4)
  An orc wizard (D:4)
  3 worker ants
  2 adders
  2 oozes
  An adder skeleton (D:4)
  5 worms
  A dart slug (D:2)
  2 leopard geckos
  5 orcs
  12 bats
  5 giant cockroaches
  4 goblins
  10 hobgoblins
  10 jackals
  A quokka (D:3)
  3 ball pythons
  4 frilled lizards
  6 kobolds
  A quokka skeleton (D:4)
  13 rats
98 creatures vanquished.

Notes
Turn   | Place    | Note
-------+----------+-------------------------------------------
     0 | D:1      | Hugehornet the Octopode Transmuter began the quest for the
                  | Orb.
     0 | D:1      | Reached XP level 1. HP: 13/13 MP: 3/3
    88 | D:1      | Reached XP level 2. HP: 14/18 MP: 3/5
   645 | D:1      | Reached skill level 3 in Transmutations
   664 | D:1      | Learned a level 2 spell: Sticks to Snakes
   669 | D:1      | Reached XP level 3. HP: 23/23 MP: 4/6
   674 | D:1      | Learned a level 3 spell: Spider Form
  2183 | D:2      | Reached XP level 4. HP: 28/28 MP: 8/8
  3167 | D:3      | Reached skill level 4 in Transmutations
  3290 | D:3      | Reached XP level 5. HP: 18/33 MP: 7/9
  3430 | D:3      | Learned a level 4 spell: Ice Form
  3448 | D:3      | Noticed an ice beast
  3604 | D:3      | Killed an ice beast
  3604 | D:3      | Reached skill level 1 in Ice Magic
  3960 | D:3      | Reached XP level 6. HP: 34/38 MP: 8/10
  4673 | D:4      | Reached skill level 5 in Transmutations
  5067 | D:4      | Found a glowing silver altar of Zin.
  5067 | D:4      | Found an iron altar of Okawaru.
  5097 | D:4      | Found a shattered altar of Ashenzari.
  5099 | D:4      | Found a faded altar of an unknown god.
  5101 | D:4      | Found a blossoming altar of Fedhas.
  5245 | D:4      | Reached XP level 7. HP: 43/43 MP: 9/12
  5748 | D:5      | Entered Level 5 of the Dungeon
  6002 | D:5      | Noticed Duvessa
  6003 | D:5      | Noticed Dowan
  6015 | D:5      | Slain by Duvessa

Levels and vault maps discovered:
D:1:      evilmike_arrival_run_for_it, layout_loops_ring, minmay_tromino_v4_c
D:2:      layout_basic, first_ration
D:3:      wad_pebble_path, layout_basic
D:4:      layout_loops_ring, chequers_temple_overflow_minitemple
D:5:      layout_gridville, uniq_duvessa

Skill      XL: |  1  2  3  4  5  6  7 |
---------------+----------------------+-----
Transmutations | 3 4 5 |  5.6
Spellcasting   | 3 |  3.8
Ice Magic      | 1 2 3 |  3.3
Fighting       | |  1.0
Dodging        | |  2.0
Unarmed Combat | |  3.8

Action                   |  1- 3 |  4- 6 |  7- 9 || total
-------------------------+-------+-------+-------++-------
Melee: Unarmed           |    84 |   135 |    37 ||   256
       Kick              |    19 |    45 |     8 ||    72
       Constrict         |    20 |    38 |     5 ||    63
       Tentacles         |    15 |    20 |     4 ||    39
       Punch             |     3 |       |     1 ||     4
 Cast: Beastly Appendage |    29 |    27 |     4 ||    60
       Sticks to Snakes  |       |     5 |       ||     5
       Spider Form       |       |     3 |     1 ||     4
       Ice Form          |       |       |     1 ||     1
 Abil: End Transformatio |       |       |     2 ||     2
  Use: Scroll            |       |     5 |       ||     5
       Potion            |       |     1 |     1 ||     2
 Stab: Sleeping          |     7 |     3 |     1 ||    11
  Eat: Chunk             |     4 |     5 |     1 ||    10
       Ration            |       |     2 |       ||     2
Armor: Skin              |    15 |    20 |     4 ||    39
Dodge: Dodged            |    44 |    88 |    17 ||   149
